 Dungeon Crawl Stone Soup version 0.29-a0-816-g82769f0e0c (webtiles) character file.

Game seed: 13016648510255216122

50561 Ayihk420 the Severer (level 14, -1/130 HPs)
             Began as a Hill Orc Monk on July 5, 2022.
             Was the Champion of Beogh.
             Killed from afar by a deep elf zephyrmancer (25 damage)
             ... with a bolt of lightning
             ... on level 1 of the Elven Halls.
             The game lasted 01:26:07 (23825 turns).

Ayihk420 the Severer (Hill Orc Monk)               Turns: 23825, Time: 01:26:07

Health: -1/130     AC: 26    Str: 25    XL:     14   Next: 55%
Magic:  14/14      EV:  9    Int: 13    God:    Beogh [******]
Gold:   403        SH:  0    Dex: 13    Spells: 13/13 levels left

rFire   . . .      SeeInvis .   d - +6 executioner's axe (vamp)
rCold   + . .      Faith    .   (shield currently unavailable)
rNeg    . . .      Spirit   .   r - +0 plate armour
rPois   .          Reflect  .   P - +2 hat
rElec   .          Harm     +   e - +1 cloak of Neuraf {Fly Regen+}
rCorr   .          Rampage  .   Z - +0 pair of gloves
Will    +....                   s - +0 pair of boots
Stlth   ..........              p - amulet of Ufymyim {Harm rC+ Regen+ Int+3}
HPRegen 1.91/turn               t - +6 ring of strength
MPRegen 0.14/turn               v - +4 ring of slaying

@: flying, studying Long Blades
A: walk on water
a: Renounce Religion, Smiting, Recall Orcish Followers, Give Item to Named
Follower, Resurrection


You were on level 1 of the Elven Halls.
You worshipped Beogh.
Beogh was exalted by your worship.
You visited 4 branches of the dungeon, and saw 19 of its levels.
You also visited: Sewer and Ossuary.

You collected 2302 gold pieces.
You spent 1899 gold pieces at shops.

Inventory:

Hand Weapons
 d - a +6 vampiric executioner's axe (weapon)
 h - a +4 morningstar
 B - a +4 scimitar of flaming
 C - a +2 battleaxe of electrocution
 F - the +5 battleaxe of the Warrior {freeze, Int+4}
   (You bought it in a shop on level 2 of the Orcish Mines)

   It freezes those it strikes, dealing additional cold damage.
   It can also slow down cold-blooded creatures.
   Int:       It affects your intelligence (+4).
 H - a +1 longbow of flaming
 T - a +3 mace of freezing
Missiles
 q - 24 poisoned darts (quivered)
 J - 3 silver boomerangs
 K - 5 curare-tipped darts
Armour
 e - the +1 cloak of Neuraf (worn) {Fly Regen+}
   (You acquired it on level 5 of the Dungeon)

   Fly:       It grants you flight.
   Regen:     It increases your rate of health regeneration.
 r - a +0 plate armour (worn)
 s - a +0 pair of boots (worn)
 D - a +0 troll leather armour
 P - a +2 hat (worn)
 Z - a +0 pair of gloves (worn)
Jewellery
 i - a ring of see invisible
 p - the amulet of Ufymyim (around neck) {Harm rC+ Regen+ Int+3}
   (You took it off a gnoll on level 4 of the Dungeon)

   [amulet of regeneration]

   Int:       It affects your intelligence (+3).
   rC:        It protects you from cold.
   Regen:     It increases your rate of health regeneration.
   Harm:      It increases damage dealt and taken.
 t - a +6 ring of strength (left hand)
 v - a +4 ring of slaying (right hand)
 z - an amulet of faith
 M - a ring of flight
 S - a ring of ice
 W - a ring of resist corrosion
Wands
 l - a wand of roots (36)
 u - a wand of polymorph (8)
 w - a wand of quicksilver (24)
 A - a wand of flame (14)
 O - a wand of digging (6)
 V - a wand of paralysis (7)
 Y - a wand of mindburst (10)
Scrolls
 f - a scroll of fog
 m - a scroll of amnesia
 n - 7 scrolls of teleportation
 x - 2 scrolls of blinking
 y - 2 scrolls of magic mapping
 G - a scroll of summoning
 I - a scroll of enchant armour {unknown}
 Q - 9 scrolls of identify
 R - 3 scrolls of poison
 X - 6 scrolls of fear
Potions
 b - 2 potions of invisibility
 c - 7 potions of ambrosia
 g - 7 potions of haste
 j - 9 potions of attraction
 k - 2 potions of lignification
 o - 2 potions of might
 U - a potion of resistance
Miscellaneous
 a - a piece from Xom's chessboard (15/15)
 L - a tin of tremorstones (2/2)


   Skills:
 + Level 13.9 Fighting
 * Level 20.3 Axes
 * Level 17.0 Armour
 - Level 2.6 Dodging
 - Level 1.7 Stealth
 - Level 1.4 Shields


You had 13 spell levels left.
You didn't know any spells.
Your spell library contained the following spells:

 Spells                   Type           Power      Damage    Failure   Level
 Apportation              Tloc           0%         N/A       89%         1
 Static Discharge         Conj/Air       0%         3-3/arc   96%         2
 Confusing Touch          Hex            0%         N/A       99%         3
 Ozocubu's Armour         Ice            0%         N/A       99%         3
 Dispel Undead            Necr           0%         3d6       100%        4
 Sticky Flame             Conj/Fire      0%         2d3       100%        4
 Alistair's Intoxication  Tmut/Pois      0%         N/A       100%        5
 Metabolic Englaciation   Hex/Ice        0%         N/A       100%        5
 Yara's Violent Unravell  Hex/Tmut       0%         3d3       100%        5
 Simulacrum               Ice/Necr       0%         N/A       100%        6
 Enfeeble                 Hex            0%         N/A       100%        7
 Ozocubu's Refrigeration  Ice            0%         4d5       100%        7


Dungeon Overview and Level Annotations

Branches:
Dungeon (15/15)            Temple (1/1) D:5            Lair (0/6) D:10
    Orc (2/2) D:9             Elf (1/3) Orc:2        Vaults (0/5) D:14
 Depths (0/4) D:15          Sewer (visited)         Ossuary (visited)

Altars:
Ashenzari
Cheibriados
Dithmenos
Elyvilon
Fedhas
Gozag
Hepliaklqana
Kikubaaqudgha
Makhleb
Nemelex Xobeh
Okawaru
Qazlal
Ru
Sif Muna
Trog
Uskayaw
Vehumet
Wu Jian
Xom
Yredelemnul
Zin
The Shining One

Shops:
D:8 !   D:9 [   D:11 :   D:14 =   Orc:2 !((*   Elf:1 (

Annotations:
D:12 Nergalle


Message History

The deep elf zephyrmancer hits Brunolf with a +0 rapier.
The deep elf archer shoots an arrow.
The arrow hits you!
The earth elemental hits Brunolf!
Items here: )) [[[ †.
You slice the deep elf pyromancer!!
You feel better.
You kill the deep elf pyromancer!
Beogh accepts your kill.
Your orc warrior looks more experienced.
The deep elf pyromancer shouts!
Brunolf burns!
Brunolf hits the deep elf zephyrmancer with the +8 long sword "Misatidd" {venom, *Corrode MP+9 Int+3 Dex+5}!!
The deep elf zephyrmancer gestures wildly while chanting.
The deep elf zephyrmancer blinks!
The deep elf zephyrmancer gestures at you while chanting.
The bolt of lightning hits Brunolf.
The bolt of lightning hits you!
* * * LOW HITPOINT WARNING * * *
The bolt of lightning hits you!
* * * LOW HITPOINT WARNING * * *
The bolt of lightning hits your orc!!!
Your orc dies!
The bolt of lightning hits your orc!!
Your orc dies!
Your orc wizard casts a spell at the deep elf pyromancer.
The magic dart hits the deep elf pyromancer.
Your orc warrior hits the deep elf pyromancer with a +0 short sword!
You completely miss the deep elf zephyrmancer.
The deep elf pyromancer shouts!
Brunolf burns!
The +1 war axe of flaming completely misses Brunolf.
Brunolf completely misses the deep elf zephyrmancer.
The deep elf zephyrmancer hits you but does no damage.
The earth elemental hits Brunolf!
Your orc warrior hits the deep elf pyromancer with a +0 short sword!
The deep elf pyromancer dies!
Beogh accepts your kill.
Your orc warrior looks more experienced.
The deep elf zephyrmancer casts a spell at you.
The bolt of lightning misses the +1 war axe of flaming.
The bolt of lightning hits Brunolf!!
The bolt of lightning hits you!!
You die...

.#..#.§ ....... ..
#..#... ..# ...... ...
###.... #.#
.......####.## ..
.....eEe##>..# ...
......(o##...# #...
......)e@)...##..
....eo)e#))..#.#
......o.##)...#
....e.)###...##
......##..##....#
#.....# #.#.#...#.#
#.#..# #.##.#.###...
#.#..####.#o#..###)...
. #.#..
.......)........


You could see a deep elf archer (repels missiles), an earth elemental, 5 deep
elf zephyrmancers, a +1 war axe of flaming, the friendly Brunolf the orc knight
(burning), a friendly orc warrior (strong) and a friendly orc wizard
(invisible).

Vanquished Creatures
  An orc warlord (Orc:1)
  Azrael (D:12)
  An ettin (Orc:1)
  2 hydras (D:14)
  A vault guard (D:14)
  3 boulder beetles
  An ogre mage (D:15)
  2 centaur warriors
  4 two-headed ogres
  A tengu warrior (D:9)
  5 skeletal warriors
  2 orc knights (Orc:2)
  An obsidian statue (D:10)
  A phantasmal warrior (D:14)
  A necromancer (D:9)
  3 deep elf pyromancers
  3 manticores
  3 deep elf zephyrmancers (Elf:1)
  4 cyclopes
  5 ugly things
  Maurice (D:11)
  Maggie (D:8)
  A kobold demonologist (D:14)
  A komodo dragon (shapeshifter) (D:15)
  A komodo dragon (D:13)
  A yaktaur (D:9)
  4 trolls
  A centaur simulacrum (D:15)
  2 wraiths
  A vampire (D:14)
  2 air elementals (Elf:1)
  18 yaks
  A water elemental (D:11)
  3 wyverns
  2 basilisks (D:10)
  2 fire elementals (D:12)
  2 steam dragons
  7 vampire mosquitoes
  An acid dragon (D:10)
  2 hell hounds (D:12)
  8 orc warriors
  4 ice beasts
  3 sky beasts
  2 black bears
  5 ogres
  9 centaurs
  3 kobold brigands
  Blork the orc (D:4)
  5 bullfrogs
  2 elf zombies (Ossuary)
  A necrophage (D:6)
  2 gnoll sergeants
  3 scorpions
  7 wights
  6 killer bees (D:9)
  5 electric eels
  8 howler monkeys
  A human zombie (Ossuary)
  A jelly (D:4)
  Crazy Yiuf (D:4)
  4 orc priests
  5 hounds
  An iguana (D:4)
  3 orc wizards
  A mummy (Ossuary)
  12 gnolls
  2 river rats (Sewer)
  11 adders
  2 shadow imps
  A white imp (D:6)
  2 ufetubi
  2 worms (D:2)
  A dart slug (D:4)
  22 orcs
  5 endoplasms
  9 giant cockroaches
  A gnoll zombie (Ossuary)
  4 goblins
  13 hobgoblins
  3 jackals
  16 kobolds
  5 quokkas
  9 ball pythons
  4 bats
  6 frilled lizards (Sewer)
  2 goblin zombies (Ossuary)
  A hobgoblin zombie (Ossuary)
  11 rats
  A bush (D:5)
  2 fungi (D:12)
337 creatures vanquished.

Vanquished Creatures (collateral kills)
  Nessos (D:14)
  A stone giant (D:15)
  Snorg (Orc:1)
  A boulder beetle (D:13)
  4 centaur warriors
  A hydra (D:11)
  A death knight (D:13)
  Erica (Orc:1)
  2 tengu warriors (D:15)
  5 two-headed ogres
  A deep elf knight (Elf:1)
  Sonja (D:12)
  Amaemon (D:8)
  6 skeletal warriors
  2 ugly things (D:15)
  4 deep elf zephyrmancers (Elf:1)
  2 deep elf pyromancers (Elf:1)
  3 cyclopes
  A manticore (D:15)
  An orange demon (D:8)
  4 trolls
  A slime creature (D:9)
  An air elemental (Elf:1)
  A shadow (D:10)
  A wyvern (D:10)
  A vampire (D:11)
  2 yaks
  2 basilisks (D:10)
  2 fire elementals (D:12)
  A vampire mosquito (D:12)
  2 wargs (Orc:1)
  An acid dragon (D:10)
  A hell hound (D:12)
  10 orc warriors
  8 ogres
  9 centaurs
  A necrophage (D:7)
  A kobold brigand (D:7)
  2 wights (D:7)
  A howler monkey (D:8)
  2 electric eels (D:8)
  A hound (D:7)
  3 orc priests
  A gnoll bouda (D:7)
  An iguana (D:7)
  9 orc wizards
  A mummy (Ossuary)
  A gnoll (D:7)
  2 shadow imps
  12 orcs
  A gnoll zombie (Ossuary)
  2 goblin zombies (Ossuary)
  2 hobgoblin zombies (Ossuary)
  3 kobolds
  2 orc zombies (Ossuary)
  A fungus (D:12)
136 creatures vanquished.

Vanquished Creatures (others)
  2 orc knights
  Nergalle (D:12)
  A deep elf knight (Elf:1)
  An orc sorcerer (Orc:1)
  21 orc warriors
  6 orc wizards
  6 orc priests
  34 orcs
  11 fungi (D:12)
  21 plants
104 creatures vanquished.

Grand Total: 577 creatures vanquished

Notes
Turn   | Place    | Note
-------+----------+-------------------------------------------
     0 | D:1      | Ayihk420 the Hill Orc Monk began the quest for the Orb.
     0 | D:1      | Reached XP level 1. HP: 19/19 MP: 1/1
   257 | D:1      | Reached XP level 2. HP: 22/27 MP: 2/2
   704 | D:1      | Reached XP level 3. HP: 28/33 MP: 3/3
  1853 | D:2      | Reached skill level 1 in Shields
  1887 | D:2      | Reached skill level 1 in Armour
  1934 | D:2      | Reached XP level 4. HP: 40/40 MP: 4/4
  2364 | D:2      | You fall into a shaft and drop 1 floor!
  2364 | D:3      | Found a hazy altar of Hepliaklqana.
  2570 | D:3      | Found a broken altar of Ashenzari.
  2748 | D:3      | Found a faded altar of an unknown god.
  2845 | D:3      | Became a worshipper of Beogh the Brigand
  2845 | D:3      | Reached * piety under Beogh
  2845 | D:3      | Reached ** piety under Beogh
  3329 | D:4      | Identified a scroll of acquirement
  3329 | D:4      | Acquired a +0 vampiric executioner's axe
  3607 | D:4      | Noticed a black bear
  3622 | D:4      | Killed a black bear
  3623 | D:4      | Reached skill level 5 in Axes
  3623 | D:4      | Reached XP level 5. HP: 47/47 MP: 5/5
  3696 | D:4      | Reached skill level 5 in Fighting
  3696 | D:4      | Reached skill level 6 in Axes
  3696 | D:4      | Reached XP level 6. HP: 56/56 MP: 6/6
  3804 | D:4      | Identified the amulet of Ufymyim {Harm rC+ Regen+ Int+3}
  3821 | D:4      | Reached XP level 7. HP: 60/61 MP: 7/7
  4191 | D:4      | Noticed Blork the orc
  4196 | D:4      | Killed Blork the orc
  4197 | D:4      | Reached skill level 7 in Axes
  4464 | D:4      | Found a runed translucent door.
  4465 | D:4      | Noticed Crazy Yiuf
  4473 | D:4      | Killed Crazy Yiuf
  4808 | D:5      | Entered Level 5 of the Dungeon
  4808 | D:5      | Found a glowing drain.
  4816 | Sewer    | Entered a sewer
  5348 | D:5      | Reached *** piety under Beogh
  5353 | D:5      | Reached skill level 5 in Armour
  5594 | D:5      | Found a staircase to the Ecumenical Temple.
  5617 | Temple   | Entered the Ecumenical Temple
  6323 | D:5      | Reached skill level 8 in Axes
  6323 | D:5      | Reached XP level 8. HP: 61/70 MP: 8/8
  6848 | D:5      | Acquired the +1 cloak of Neuraf {Fly Regen+}
  7228 | D:6      | Reached skill level 9 in Axes
  7237 | D:6      | Reached **** piety under Beogh
  8334 | D:7      | Reached XP level 9. HP: 79/79 MP: 9/9
  8440 | D:7      | Reached skill level 10 in Axes
  8597 | D:7      | Noticed a cyan ugly thing
  8603 | D:7      | Killed a cyan ugly thing
  8604 | D:7      | Reached skill level 11 in Axes
  8846 | D:7      | Reached XP level 10. HP: 88/88 MP: 10/10
  8946 | D:7      | Reached skill level 12 in Axes
  9229 | D:7      | Noticed a manticore
  9238 | D:7      | Killed a manticore
  9600 | D:8      | Found a sand-covered staircase.
  9605 | Ossuary  | Entered an ossuary
  9787 | D:8      | Gained Borgun as an ally
  9794 | D:8      | Reached ***** piety under Beogh
  9796 | D:8      | Reached skill level 10 in Armour
 10203 | D:8      | Noticed an orange demon
 10207 | D:8      | Noticed Amaemon
 10213 | D:8      | Killed an orange demon
 10215 | D:8      | Killed Amaemon
 10216 | D:8      | Reached skill level 13 in Axes
 10412 | D:8      | Found Edoadus's Distillery.
 10418 | D:8      | Bought a potion of curing for 33 gold pieces
 10418 | D:8      | Bought a potion of heal wounds for 55 gold pieces
 10418 | D:8      | Bought a potion of curing for 33 gold pieces
 10418 | D:8      | Bought a potion of lignification for 33 gold pieces
 10418 | D:8      | Bought a potion of lignification for 33 gold pieces
 10418 | D:8      | Bought a potion of might for 44 gold pieces
 10418 | D:8      | Bought a potion of ambrosia for 88 gold pieces
 10424 | D:8      | Noticed Maggie
 10430 | D:8      | Killed Maggie
 10693 | D:9      | Found Taecaf's Superior Scales.
 10701 | D:9      | Bought the +1 scale mail of New Discoveries {+Blink Int+2
                  | Stlth-} for 335 gold pieces
 10875 | D:9      | Reached XP level 11. HP: 97/97 MP: 11/11
 11020 | D:9      | Reached skill level 14 in Axes
 11049 | D:9      | Noticed a centaur warrior
 11049 | D:9      | Noticed a centaur warrior
 11049 | D:9      | Noticed a tengu warrior
 11049 | D:9      | Noticed a boulder beetle
 11055 | D:9      | Killed a tengu warrior
 11056 | D:9      | Killed a boulder beetle
 11056 | D:9      | Your ally Borgun died
 11057 | D:9      | Reached skill level 10 in Fighting
 11058 | D:9      | Killed a centaur warrior
 11061 | D:9      | Killed a centaur warrior
 11299 | D:9      | Noticed a necromancer
 11302 | D:9      | Killed a necromancer
 11306 | D:9      | Identified the +8 long sword "Misatidd" {venom, *Corrode
                  | MP+9 Int+3 Dex+5}
 11365 | D:9      | Found a white marble altar of Elyvilon.
 11423 | D:9      | Noticed a two-headed ogre
 11440 | D:9      | Killed a two-headed ogre
 11506 | D:9      | Reached skill level 15 in Axes
 11524 | D:9      | Found a staircase to the Orcish Mines.
 12250 | D:10     | Entered Level 10 of the Dungeon
 12319 | D:10     | Noticed an obsidian statue
 12323 | D:10     | Noticed a sixfirhy
 12325 | D:10     | Noticed a sixfirhy
 12335 | D:10     | Killed an obsidian statue
 12424 | D:10     | Found a bloodstained altar of Trog.
 12502 | D:10     | Noticed a boulder beetle
 12509 | D:10     | Killed a boulder beetle
 12509 | D:10     | Gained Brunolf as an ally
 13089 | D:10     | Found a staircase to the Lair.
 13554 | D:10     | Reached XP level 12. HP: 108/108 MP: 12/12
 13618 | D:11     | Noticed a two-headed ogre
 13623 | D:11     | Killed a two-headed ogre
 13771 | D:11     | Noticed Maurice
 13773 | D:11     | Killed Maurice
 13774 | D:11     | Reached skill level 16 in Axes
 13780 | D:11     | Noticed a two-headed ogre
 13785 | D:11     | Killed a two-headed ogre
 14063 | D:11     | Noticed an eight-headed hydra
 14067 | D:11     | Killed a nine-headed hydra
 14443 | D:11     | Noticed a two-headed ogre
 14449 | D:11     | Killed a two-headed ogre
 14449 | D:11     | Reached ****** piety under Beogh
 14589 | D:11     | Found Jezur's Book Shop.
 14985 | D:12     | Noticed Nergalle
 15682 | D:12     | Noticed Azrael
 15684 | D:12     | Gained Koronagh as an ally
 15690 | D:12     | Your ally Nergalle died
 15694 | D:12     | Killed Azrael
 15695 | D:12     | Reached skill level 17 in Axes
 15915 | D:12     | Gained Grimold as an ally
 16007 | D:12     | Noticed Sonja
 16015 | D:12     | Killed Sonja
 16018 | D:12     | Reached XP level 13. HP: 59/118 MP: 13/13
 16567 | D:13     | Found an iron altar of Okawaru.
 17381 | D:13     | Reached skill level 18 in Axes
 17383 | D:13     | Your ally Grimold died
 17710 | D:13     | Reached skill level 15 in Armour
 18228 | D:14     | Found Kouloyd's Jewellery Shop.
 18228 | D:14     | Noticed Nessos
 18242 | D:14     | Killed Nessos
 18880 | D:14     | Noticed a vault guard
 18884 | D:14     | Killed a vault guard
 18905 | D:14     | Found a gate to the Vaults.
 19125 | D:15     | Entered Level 15 of the Dungeon
 19175 | D:15     | Reached skill level 19 in Axes
 19392 | D:15     | Found a blossoming altar of Fedhas.
 19448 | D:15     | Found a hide-covered altar of Uskayaw.
 19684 | D:15     | Found a staircase to the Depths.
 19685 | D:15     | Noticed a stone giant
 19690 | D:15     | Killed a stone giant
 19691 | D:15     | Reached XP level 14. HP: 17/129 MP: 14/14
 20513 | Orc:1    | Entered Level 1 of the Orcish Mines
 20513 | Orc:1    | Noticed Erica
 20515 | Orc:1    | Killed Erica
 20833 | Orc:2    | Entered Level 2 of the Orcish Mines
 21117 | Orc:2    | Found Cedeg's Weapon Emporium.
 21117 | Orc:2    | Found Onwia's Antique Weapon Shop.
 21117 | Orc:2    | Found Plog's General Store.
 21126 | Orc:2    | Found Dykkoudgh's Distillery.
 21312 | Orc:2    | Bought the +5 battleaxe of the Warrior {freeze, Int+4} for
                  | 781 gold pieces
 21314 | Orc:2    | Bought 2 potions of curing for 96 gold pieces
 21314 | Orc:2    | Bought a potion of curing for 48 gold pieces
 21314 | Orc:2    | Bought 2 potions of haste for 320 gold pieces
 21950 | Orc:2    | Found a staircase to the Elven Halls.
 22132 | Orc:1    | Noticed Snorg
 22132 | Orc:1    | Noticed an orc warlord
 22139 | Orc:1    | Killed an orc warlord
 22140 | Orc:1    | Reached skill level 20 in Axes
 22140 | Orc:1    | Killed Snorg
 22558 | Orc:1    | Gained Brunolf as an ally
 23414 | Elf:1    | Entered Level 1 of the Elven Halls
 23417 | Elf:1    | Paralysed by an air elemental for 1 turns
 23762 | Elf:1    | Found Niyfoec's Weapon Boutique.
 23805 | Elf:1    | Your ally Brunolf died
 23820 | Elf:1    | Your ally Koronagh died
 23825 | Elf:1    | Killed from afar by a deep elf zephyrmancer

Illustrated notes

Levels and vault maps discovered:
D:1:      dpeg_arrival_windows_large_door, layout_loops_corners,
          minmay_worlds_worst_comb
D:2:      layout_basic
D:3:      layout_loops_ring, mainiacjoe_overflow_large_starburst,
          chequers_ecumenical_altar_simple_redux
D:4:      layout_cave_pods, minmay_bent, uniq_blork_the_orc,
          uniq_crazy_yiuf_cottage
D:5:      layout_loops_corners, minmay_temple_entry_trees, portal_sewer_entry_a
D:6:      layout_basic
D:7:      nzn_winding_woodlands_medium [nzn_winding_woodlands_5x5_cross,
          nzn_winding_woodlands_5x15_parted, nzn_winding_woodlands_5x5_default,
          nzn_winding_woodlands_5x5_closed_star,
          nzn_winding_woodlands_center_garden,
          nzn_winding_woodlands_5x5_perimeter,
          nzn_winding_woodlands_5x5_checkerboard,
          nzn_winding_woodlands_5x15_cabin, nzn_winding_woodlands_5x5_three],
          layout_loops_ring, minmay_manual_moon
D:8:      layout_rooms, enter_ossuary_5, serial_shops, nicolae_shop_crystal,
          chequers_big_river, uniq_maggie, uniq_amaemon
D:9:      minmay_shrinking_squares, layout_cave_pools,
          mainiacjoe_overflow_paths, david_orc_4, hellmonk_scale_shop
D:10:     layout_layer_cave, mainiacjoe_overflow_tiny_flanked, erik_lair_dragon,
          minmay_statue_bubble
D:11:     layout_basic, serial_shops, kennysheep_mini_moat, uniq_maurice
D:12:     layout_long_grid, dreamdust_mushroom_princess, st_stairs_13,
          uniq_sonja, uniq_nergalle, uniq_azrael
D:13:     layout_basic, okawaru_gym_becter
D:14:     layout_rooms, david_vaults_4, serial_shops, shop_statue, uniq_nessos
D:15:     grunt_enter_depths_snipers, layout_loops_ring, fedhas_altar_1,
          nicolae_uskayaw_murder_on_the_dancefloor
Temple:   nicolae_temple_two_arcs
Orc:1:    layout_caves, uniq_erica, uniq_snorg
Orc:2:    st_orc_rangers, layout_diamond_mine
Elf:1:    nicolae_elf_arrival_aired_out, layout_rooms, serial_shops,
          shop_fountains, minmay_elf_sorcery

Skill      XL: |  1  2  3  4  5  6  7  8  9 10 11 12 13 14 |
---------------+-------------------------------------------+-----
Fighting       | 4 5 6 7 8 9 10 12 13 | 13.9
Shields        | 1 |  1.4
Armour         | 1 2 3 4 5 7 9 11 12 14 16 17 | 17.0
Axes           | 5 6 8 9 11 13 15 17 19 20 | 20.3
Dodging        | |  2.6
Stealth        | |  1.7

Action                   |  1- 3 |  4- 6 |  7- 9 | 10-12 | 13-15 || total
-------------------------+-------+-------+-------+-------+-------++-------
Melee: Hand axe          |    97 |    35 |       |       |       ||   132
       Punch             |     2 |       |       |       |       ||     2
       Dagger            |     1 |       |       |       |       ||     1
       Executioner's axe |       |    52 |   171 |   238 |   199 ||   660
Throw: Javelin           |    18 |    34 |    36 |       |       ||    88
       Stone             |     4 |    22 |     5 |       |       ||    31
       Dart              |       |       |    17 |    10 |     9 ||    36
Invok: Convert to Beogh  |       |     1 |       |       |       ||     1
       Recall Orcish Fol |       |       |     2 |    11 |     8 ||    21
       Give Item to Name |       |       |       |     5 |       ||     5
 Abil: Evoke Blink       |       |       |       |     2 |       ||     2
Evoke: Wand              |       |       |     2 |       |       ||     2
  Use: Scroll            |       |    14 |     7 |     5 |     3 ||    29
       Potion            |       |       |     1 |     4 |    14 ||    19
 Stab: Sleeping          |     3 |     1 |     1 |       |       ||     5
       Distracted        |       |       |       |     2 |     1 ||     3
       Confused          |       |       |       |     1 |       ||     1
Armor: Robe              |    23 |     3 |       |       |       ||    26
       Ring mail         |       |    33 |    69 |       |       ||   102
       Scale mail        |       |       |    35 |    33 |       ||    68
       Plate armour      |       |       |       |   136 |   197 ||   333
       Troll leather arm |       |       |       |    11 |       ||    11
Dodge: Dodged            |    83 |   111 |   187 |   126 |   111 ||   618

Table legend: (Time is in decaauts)
 A = Elapsed time spent in this place.
 B = Non-inter-level travel time spent in this place.
 C = Inter-level travel time spent in this place.
 D = Time resting spent in this place.
 E = Time spent auto-exploring this place.
 F = Levels seen in this place.
 G = Mean time per level.
                   A        B        C        D        E       F      G
               +--------+--------+--------+--------+--------+-----+--------+
         Total |  24169 |  23710 |    459 |   7094 |   9732 |  21 | 1150.9 |
       Dungeon |  19897 |  19504 |    393 |   5519 |   8688 |  15 | 1326.5 |
        Temple |    136 |    136 |      0 |      0 |     91 |   1 |  136.0 |
  Orcish Mines |   2982 |   2916 |     66 |   1371 |    913 |   2 | 1491.0 |
   Elven Halls |    334 |    334 |      0 |    204 |     12 |   1 |  334.0 |
         Sewer |    668 |    668 |      0 |      0 |      0 |   1 |  668.0 |
       Ossuary |    150 |    150 |      0 |      0 |     28 |   1 |  150.0 |
               +--------+--------+--------+--------+--------+-----+--------+

Top non-repeatable levels by time:
   Orc:2: 2033 daAuts
     D:1: 1771 daAuts
     D:7: 1757 daAuts
     D:9: 1691 daAuts
    D:12: 1624 daAuts
     D:4: 1561 daAuts
    D:13: 1547 daAuts
     D:5: 1442 daAuts
    D:10: 1384 daAuts
    D:14: 1274 daAuts
    D:15: 1223 daAuts
    D:11: 1164 daAuts
     D:6: 962 daAuts
   Orc:1: 948 daAuts
     D:8: 934 daAuts
